 Dungeon Crawl Stone Soup version 0.31.0-32-g396128a36d (webtiles) character file.

Game seed: 3244242907368099458

431 PaiMei the Gusty (level 6, -4/37 HPs)
             Began as a Tengu Air Elementalist on Mar 15, 2024.
             Killed by nerve-wracking pain
             ... invoked by Menkaure
              (9 damage)
             ... on level 5 of the Dungeon.
             The game lasted 00:07:41 (4682 turns).

PaiMei the Gusty (Tengu Air Elementalist)           Turns: 4682, Time: 00:07:42

Health: -4/37      AC:  2    Str:  8    XL:     6   Next: 99%
Magic:  2/12       EV: 13    Int: 18    God:
Gold:   221        SH:  5    Dex: 14    Spells: 9/12 levels left

rFire   . . .        n - +2 flail (protect)
rCold   . . .        (no shield)
rNeg    . . .        a - +0 robe
rPois   .            (helmet restricted)
rElec   .            (no cloak)
rCorr   .            (no gloves)
SInv    .            (boots unavailable)
Will    .....        i - amulet of reflection
Stlth   ++           (no ring)
HPRegen 0.26/turn    (no ring)
MPRegen 0.13/turn

%: reflection, acrobat
@: no status effects
A: beak, talons 3, acrobatic
a: no special abilities


You were on level 5 of the Dungeon.
You visited 1 branch of the dungeon, and saw 5 of its levels.

You collected 221 gold pieces.

Inventory:

Hand Weapons
 d - a +2 morningstar of holy wrath
 n - a +2 flail of protection (weapon)
Missiles
 p - 8 poisoned darts (quivered)
Armour
 a - a +0 robe (worn)
Jewellery
 i - an amulet of reflection (around neck)
 u - a +6 ring of intelligence
Wands
 r - a wand of acid (10)
Scrolls
 e - a scroll of vulnerability {unknown}
 f - a scroll of noise {unknown}
 g - a scroll of butterflies
 j - a scroll of identify {unknown}
 l - a scroll of enchant armour {unknown}
 s - a scroll of teleportation {unknown}
 t - a scroll of amnesia {unknown}
Potions
 b - a potion of magic
 c - 2 potions of lignification {unknown}
 h - 3 potions of curing {unknown}
 k - a potion of might {unknown}
 m - a potion of brilliance {unknown}
 o - a potion of degeneration {unknown}
 q - a potion of cancellation {unknown}


   Skills:
 + Level 3.0 Fighting
 + Level 4.2 Dodging
 - Level 2.1 Stealth
 + Level 3.7 Spellcasting
 - Level 1.7 Conjurations
 + Level 6.0 Air Magic


You had 9 spell levels left.
You knew the following spells:

 Your Spells              Type           Power      Damage    Failure   Level
a - Shock                 Conj/Air       68%        1d7       3%          1
b - Static Discharge      Conj/Air       34%        3-5/arc   4%          2

Your spell library contained the following spells:

 Spells                   Type           Power      Damage    Failure   Level
 Swiftness                Air            25%        N/A       3%          3
 Sting                    Conj/Alch      24%        1d4       11%         1
 Airstrike                Air            12%        2d(2-18)  13%         4
 Dazzling Flash           Conj/Hex       12%        N/A       32%         3
 Silence                  Hex/Air        7%         N/A       77%         5
 Anguish                  Hex/Necr       1%         N/A       83%         4
 Enfeeble                 Hex            1%         N/A       100%        7


Dungeon Overview and Level Annotations

Branches:
Dungeon (5/15)
 Temple: D:4-7

Altars:
Okawaru

Annotations:
D:5 Menkaure


Innate Abilities, Weirdness & Mutations

You have a beak for a mouth.
You have claws for feet.
You can magically evade attacks while moving or waiting.


Message History

Confirm with . or Enter, or press ? or * to list all spells.
Aiming: Shock (safe; 3% risk of failure)
Press: ? - help, Shift-Dir - straight line, f/p - Menkaure
Aim: Menkaure (lightly damaged, 86% to hit)
The zap hits Menkaure.
Menkaure is moderately damaged.
Casting: Shock (safe; 3% risk of failure)
Confirm with . or Enter, or press ? or * to list all spells.
Aiming: Shock (safe; 3% risk of failure)
Press: ? - help, Shift-Dir - straight line, f/p - Menkaure
Aim: Menkaure (moderately damaged, 86% to hit)
The zap hits Menkaure.
Menkaure is heavily damaged.
Menkaure closely misses you.
Casting: Shock (safe; 3% risk of failure)
Confirm with . or Enter, or press ? or * to list all spells.
Aiming: Shock (safe; 3% risk of failure)
Press: ? - help, Shift-Dir - straight line, f/p - Menkaure
Aim: Menkaure (heavily damaged, 86% to hit)
The zap hits Menkaure.
Menkaure is heavily damaged.
Menkaure hits you!
* * * LOW HITPOINT WARNING * * *
Casting: Shock (safe; 3% risk of failure)
Confirm with . or Enter, or press ? or * to list all spells.
Aiming: Shock (safe; 3% risk of failure)
Press: ? - help, Shift-Dir - straight line, f/p - Menkaure
Aim: Menkaure (heavily damaged, 86% to hit)
The zap hits Menkaure.
Menkaure is severely damaged.
Casting: Shock (safe; 3% risk of failure)
Confirm with . or Enter, or press ? or * to list all spells.
Aiming: Shock (safe; 3% risk of failure)
Press: ? - help, Shift-Dir - straight line, f/p - Menkaure
Aim: Menkaure (severely damaged, 86% to hit)
The zap hits Menkaure.
Menkaure is almost destroyed.
Menkaure gestures at you while chanting.
Pain shoots through your body!
You die...

## ...
################ ..
...............##.#
.##########.......#
.#########.##.##.#
........@...#.#
###......M..#.#
#.######..#.# #
#..#.# ...#.#
#...#.#
##...#.####### #..
..............# #..
###...#.#####.#


You could see Menkaure.

Vanquished Creatures
  3 hounds
  A jelly (D:5)
  A bombardier beetle (D:3)
  An orc priest (D:3)
  A sleepcap (D:5)
  An iguana (D:4)
  Terence (D:2)
  Robin (D:3)
  6 adders
  2 ufetubi (D:4)
  A dart slug (D:3)
  2 ribbon worms
  5 orcs
  8 ball pythons
  4 bats
  7 endoplasms
  3 giant cockroaches
  14 goblins
  9 hobgoblins
  11 kobolds
  2 quokkas
  4 frilled lizards
  8 rats
96 creatures vanquished.

Notes
Turn   | Place    | Note
-------+----------+-------------------------------------------
     0 | D:1      | PaiMei the Tengu Air Elementalist began the quest for the
                  | Orb.
     0 | D:1      | Reached XP level 1. HP: 10/10 MP: 4/4
   181 | D:1      | Reached XP level 2. HP: 15/15 MP: 3/6
   683 | D:1      | Got the Cyclopedia of Impurities and the Jinx
   723 | D:1      | Reached XP level 3. HP: 20/20 MP: 5/7
   726 | D:1      | Learned a level 2 spell: Static Discharge
  1244 | D:2      | Reached skill level 1 in Fighting
  1483 | D:2      | Noticed Terence
  1491 | D:2      | Killed Terence
  1492 | D:2      | Reached XP level 4. HP: 15/25 MP: 0/8
  2043 | D:3      | Noticed Robin
  2051 | D:3      | Killed Robin
  2052 | D:3      | Reached skill level 5 in Air Magic
  2231 | D:3      | Reached XP level 5. HP: 30/30 MP: 7/10
  3461 | D:4      | Reached XP level 6. HP: 36/36 MP: 5/11
  3665 | D:4      | Found an iron altar of Okawaru.
  4325 | D:5      | Entered Level 5 of the Dungeon
  4535 | D:5      | Noticed a water moccasin
  4672 | D:5      | Noticed Menkaure
  4674 | D:5      | Reached skill level 6 in Air Magic
  4682 | D:5      | Killed from afar by Menkaure

Illustrated notes

Levels and vault maps discovered:
D:1:      lemuel_arrival_broad_hall, layout_basic, minivault_26,
          minmay_close_crescents
D:2:      layout_basic, uniq_terence
D:3:      layout_loops_ring, uniq_robin
D:4:      layout_rooms, mainiacjoe_overflow_concentric_impassable,
          roderic_serpentine_path, minmay_distorted
D:5:      layout_loops_ring, mainiacjoe_overflow_cross_hatched,
          lemuel_doored_altar, hellmonk_ghost_happy_afterlife, uniq_menkaure,
          uniq_crazy_yiuf_cottage, uniq_duvessa, uniq_grinder, uniq_sigmund

Skill      XL: |  1  2  3  4  5  6 |
---------------+-------------------+-----
Fighting       | 1 2 3 |  3.0
Dodging        | 3 4 |  4.2
Air Magic      | 5 6 |  6.0
Spellcasting   | 3 |  3.7
Stealth        | |  2.1
Conjurations   | |  1.7

Action                     |  1- 3 |  4- 6 || total
---------------------------+-------+-------++-------
  Melee: Unarmed           |     5 |       ||     5
         Morningstar       |     9 |     4 ||    13
         Kick              |     3 |     5 ||     8
         Flail             |       |    10 ||    10
         Peck              |       |     3 ||     3
   Cast: Shock             |    61 |   166 ||   227
         Static Discharge  |       |     1 ||     1
    Use: Scroll            |       |     1 ||     1
 Armour: Robe              |    17 |    28 ||    45
  Dodge: Dodged            |    39 |    50 ||    89
  Block: Other             |       |     9 ||     9
         Reflection        |       |     1 ||     1
